 Dungeon Crawl Stone Soup version 0.31.0-32-g396128a36d (webtiles) character file.

Game seed: 11302072209825373673

136 PaiMei the Grave Robber (level 4, -1/33 HPs)
             Began as a Demonspawn Necromancer on Apr 10, 2024.
             Slain by an iguana (7 damage)
             ... on level 4 of the Dungeon.
             The game lasted 00:04:14 (3735 turns).

PaiMei the Grave Robber (Demonspawn Necromancer)    Turns: 3735, Time: 00:04:15

Health: -1/33      AC:  3    Str:  9    XL:     4   Next: 98%
Magic:  4/8        EV: 12    Int: 17    God:
Gold:   183        SH:  0    Dex: 13    Spells: 7/8 levels left

rFire   . . .        p - +1 trident (freeze)
rCold   . . .        (no shield)
rNeg    . . .        a - +0 robe
rPois   .            (helmet restricted)
rElec   .            (no cloak)
rCorr   .            (no gloves)
SInv    .            i - +0 pair of boots
Will    .....        (no amulet)
Stlth   ++           (no ring)
HPRegen 0.25/turn    (no ring)
MPRegen 0.11/turn

%: no passive effects
@: no status effects
A: antennae 2
a: no special abilities


You were on level 4 of the Dungeon.
You visited 1 branch of the dungeon, and saw 4 of its levels.

You collected 183 gold pieces.

Inventory:

Hand Weapons
 c - a +0 mace
 p - a +1 trident of freezing (weapon)
Missiles
 h - 6 poisoned darts
Armour
 a - a +0 robe (worn)
 i - a +0 pair of boots (worn)
Scrolls
 d - 3 scrolls of identify {unknown}
 e - 3 scrolls of vulnerability {unknown}
 f - a scroll of blinking {unknown}
 j - a scroll of teleportation {unknown}
 k - a scroll of enchant armour {unknown}
 l - a scroll of revelation {unknown}
 r - a scroll of torment {unknown}
Potions
 b - 2 potions of magic
 g - a potion of mutation {unknown}
 m - a potion of heal wounds {unknown}
 n - a potion of ambrosia {unknown}
 o - a potion of might {unknown}
 q - a potion of lignification {unknown}


   Skills:
 + Level 1.8 Fighting
 + Level 2.8 Dodging
 - Level 2.0 Stealth
 + Level 2.9 Spellcasting
 + Level 5.1 Necromancy


You had 7 spell levels left.
You knew the following spells:

 Your Spells              Type           Power      Damage    Failure   Level
a - Necrotise             Necr           80%        1d8       2%          1

Your spell library contained the following spells:

 Spells                   Type           Power      Damage    Failure   Level
 Vampiric Draining        Necr           20%        2d7       6%          3
 Cigotuvi's Dreadful Rot  Necr/Alch/Air  16%        N/A       13%         2
 Apportation              Tloc           4%         N/A       19%         1
 Slow                     Hex            8%         N/A       19%         1
 Sting                    Conj/Alch      8%         1d3       19%         1
 Summon Small Mammal      Summ           8%         N/A       19%         1
 Animate Dead             Necr           20%        N/A       22%         4
 Blink                    Tloc           4%         N/A       26%         2
 Lesser Beckoning         Tloc           4%         N/A       26%         2
 Momentum Strike          Conj/Tloc      4%         3d8       26%         2
 Confusing Touch          Hex            2%         N/A       47%         3
 Gell's Gravitas          Tloc           2%         N/A       47%         3
 Sigil of Binding         Hex            2%         N/A       47%         3
 Teleport Other           Tloc           2%         N/A       47%         3
 Curse of Agony           Necr           20%        N/A       52%         5
 Ignite Poison            Fire/Alch      2%         N/A       87%         4
 Freezing Cloud           Conj/Ice/Air   1%         6-21      99%         5
 Dispersal                Tloc           1%         N/A       100%        6


Dungeon Overview and Level Annotations

Branches:
Dungeon (4/15)
 Temple: D:4-7

Altars:

Shops:
D:2 *


Innate Abilities, Weirdness & Mutations

You have a pair of antennae on your head.


Message History

The goblin shouts!
Casting: Necrotise (safe; 2% risk of failure)
Confirm with . or Enter, or press ? or * to list all spells.
Aiming: Necrotise (safe; 2% risk of failure)
Press: ? - help, Shift-Dir - straight line, f/p - iguana
Aim: an iguana (moderately wounded, chance to affect: 84%)
The iguana writhes in agony.
A goblin comes into view. It is wielding a +0 dagger.
Casting: Necrotise (safe; 2% risk of failure)
Confirm with . or Enter, or press ? or * to list all spells.
You don't know that spell.
You barely miss the iguana.
The iguana is severely wounded.
The iguana closely misses you.
You closely miss the iguana.
The iguana is severely wounded.
The iguana closely misses you.
The goblin shouts!
You hit the iguana but do no damage.
The iguana is severely wounded.
The iguana bites you. The iguana bites you! The iguana bites you!
* * * LOW HITPOINT WARNING * * *
Casting: Necrotise (safe; 2% risk of failure)
Confirm with . or Enter, or press ? or * to list all spells.
You don't know that spell.
Casting: Necrotise (safe; 2% risk of failure)
Confirm with . or Enter, or press ? or * to list all spells.
Aiming: Necrotise (safe; 2% risk of failure)
Press: ? - help, Shift-Dir - straight line, f/p - iguana
Aim: an iguana (severely wounded, chance to affect: 84%)
The iguana barely resists.
Casting: Necrotise (safe; 2% risk of failure)
Confirm with . or Enter, or press ? or * to list all spells.
Aiming: Necrotise (safe; 2% risk of failure)
Press: ? - help, Shift-Dir - straight line, f/p - iguana
Aim: an iguana (severely wounded, chance to affect: 84%)
The iguana writhes in agony.
The iguana bites you!
You die...

..# ..### #.# #...#
.#.# ###
#.#.####.#.#..#.#..
....
#.#....#.#.#<.#.#.#
#..##.#.##.#.#(#......#
#..........#.#.#......#
#.###.#....#.#.#..g...#
#.#.#....#@#......#
#.#.#....#l#......#
#.#.###...gg......#
#.#......#........#
#.########.#....#.# #
#.#.........>.#.# .
#.#.######......#
#######.# ########
........#


You could see an iguana and 2 goblins.

Vanquished Creatures
  A jelly (D:4)
  Natasha (D:3)
  Robin (D:3)
  2 adders
  2 ribbon worms
  A dart slug (D:2)
  An orc (D:3)
  2 ball pythons
  3 bats
  An endoplasm (D:3)
  9 goblins
  3 hobgoblins
  2 quokkas
  4 frilled lizards
  7 kobolds
  8 rats
48 creatures vanquished.

Vanquished Creatures (collateral kills)
  A kobold (D:2)
1 creature vanquished.

Grand Total: 49 creatures vanquished

Notes
Turn   | Place    | Note
-------+----------+-------------------------------------------
     0 | D:1      | PaiMei the Demonspawn Necromancer began the quest for the
                  | Orb.
     0 | D:1      | Reached XP level 1. HP: 13/13 MP: 3/3
   268 | D:1      | Gained mutation: You have a pair of small antennae on your
                  | head. [demonic ancestry]
   268 | D:1      | Reached XP level 2. HP: 19/19 MP: 0/5
   769 | D:2      | Found Umifeer's General Store.
  1148 | D:2      | Reached XP level 3. HP: 25/25 MP: 1/6
  2203 | D:2      | Reached skill level 1 in Fighting
  2297 | D:2      | Found a faded altar of an unknown god.
  2972 | D:3      | Noticed Robin
  3286 | D:3      | Killed Robin
  3287 | D:3      | Gained mutation: You have a pair of antennae on your head.
                  | [demonic ancestry]
  3287 | D:3      | Reached XP level 4. HP: 32/32 MP: 1/7
  3508 | D:3      | Noticed Natasha
  3522 | D:3      | Killed Natasha
  3523 | D:3      | Reached skill level 5 in Necromancy
  3735 | D:4      | Slain by an iguana

Illustrated notes

Levels and vault maps discovered:
D:1:      nagdon_arrival_double_spiral, layout_basic
D:2:      layout_basic, shapermc_ecumenical_altar_petra, serial_shops,
          nicolae_shop_tiny_statue_garden
D:3:      layout_basic, uniq_natasha, uniq_robin
D:4:      minmay_razor_zed, layout_basic

Skill      XL: |  1  2  3  4 |
---------------+-------------+-----
Dodging        | 2 |  2.8
Stealth        | 2 |  2.0
Fighting       | 1 |  1.8
Necromancy     | 5 |  5.1
Spellcasting   | |  2.9

Action                     |  1- 3 |  4- 6 || total
---------------------------+-------+-------++-------
  Melee: Mace              |    23 |       ||    23
         Trident           |       |    14 ||    14
   Cast: Necrotise         |    83 |    23 ||   106
 Armour: Robe              |    32 |    15 ||    47
  Dodge: Dodged            |    42 |    14 ||    56
